Map: Prion Terraces

Players

Miszu

  • Race: Terran Terran
  • League: Master

MiNiCrow - Winner!

  • Race: Zerg Zerg
  • League: Master

VOD

Have the link to the VOD?

Description

Time

  • Played on: Feb. 2, 2016, 5:07 p.m.
  • Length: 5:44
Show
View Real Time Build Order
Export as new Build Order

Miszu Terran 

Build Orders:  

Get SALT Encoding   

  12  0:00  SCV  
  13  0:13  SCV  
  14  0:18  Supply Depot  
  14  0:26  SCV  
  15  0:40  Barracks, SCV  
  16  0:43  Refinery  
  16  0:52  SCV  
  17  1:02  Barracks  
  17  1:04  SCV  
  18  1:16  SCV  
  19  1:28  Orbital Command  
  19  1:29  Reaper  
  20  1:34  Barracks  
  20  1:49  Reaper  
  20  1:51  Supply Depot  
  20  1:54  SCV  
  22  1:56  Refinery  
  22  2:03  Reaper  
  23  2:13  SCV  
  24  2:20  Supply Depot  
  24  2:22  Reaper  
  25  2:25  SCV  
  26  2:32  Reaper  
  27  2:37  SCV  
  28  2:48  Reaper  
  29  2:52  SCV  
  29  2:54  Reaper  
  29  2:56  Command Center  
  31  3:04  Reaper  
  31  3:20  Reaper  
  31  3:35  Reaper, SCV  
  33  3:44  Barracks Tech Lab, Command Center  
  33  4:04  SCV  
  33  4:08  Factory  
  35  4:10  Barracks Reactor  
  35  4:15  Barracks Tech Lab  
  34  4:33  Marine  
  35  4:41  Marine  
  35  4:43  SCV  
  37  4:51  Marine  
  37  4:53  Marine  
  37  4:54  Starport  
  37  4:55  Marine, Barracks, SCV  
  37  4:56  Barracks, SCV  
  37  4:58  Marine  
  38  5:07  SCV  
  38  5:08  Marine  
  38  5:11  Marine  
  38  5:12  Orbital Command  
  38  5:17  Supply Depot, Marine  
  38  5:18  Factory Reactor  
  38  5:21  SCV  
Show
View Real Time Build Order
Export as new Build Order

MiNiCrow Zerg - Winner!

Build Orders: Hatch First 

Get SALT Encoding   

  12  0:00  Drone  
  13  0:12  Overlord  
  13  0:21  Drone  
  14  0:32  Drone x2  
  16  0:38  Drone  
  17  0:54  Drone, Hatchery  
  17  0:57  Drone  
  18  1:08  Extractor, Drone  
  18  1:18  Spawning Pool  
  17  1:20  Drone  
  18  1:29  Drone  
  19  1:39  Overlord  
  19  1:49  Drone  
  20  2:05  Zergling x2, Queen  
  20  2:06  Queen  
  20  2:08  Zergling x2  
  26  2:09  Metabolic Boost  
  26  2:15  Drone  
  27  2:21  Drone  
  28  2:24  Overlord  
  28  2:33  Drone x2  
  30  2:42  Queen  
  32  2:45  Extractor  
  32  2:50  Drone x2  
  33  2:52  Zergling x2  
  33  2:56  Drone  
  35  3:00  Zergling x2  
  35  3:04  Overlord  
  36  3:12  Zergling x2  
  36  3:14  Zergling x6  
  38  3:22  Zergling x8  
  38  3:26  Queen  
  44  3:28  Overlord  
  43  3:36  Overlord  
  43  3:37  Drone  
  44  3:44  Drone  
  45  3:54  Hatchery  
  43  3:56  Drone x4  
  47  4:07  Zergling x6  
  47  4:08  Zergling x2  
  51  4:17  Zergling x2  
  51  4:23  Zergling x2  
  51  4:27  Zergling x2  
  52  4:31  Baneling Nest  
  52  4:32  Zergling x6  
  52  4:36  Overlord  
  52  4:37  Zergling x2  
  52  4:38  Zergling x4  
  57  4:43  Zergling x4  
  57  4:51  Zergling x2  
  57  4:52  Zergling x2  
  56  5:06  Zergling x14  
  56  5:07  Zergling x2  
  59  5:17  Zergling x6  
  62  5:23  Baneling x15  
  62  5:26  Baneling  
Tags
 
Add a new tag
Caveats
  • Supply blocks, unpowered buildings, or Contaminate may cause inaccurate times.
  • Supply counts are checked every 10 seconds.